[Event "1000GM MLK Day RR IM-Norm 2024"]
[Site "Sunnyvale"]
[Date "2024.01.16"]
[Round "4.5"]
[White "Guo, Ethan"]
[Black "Figueredo Losada, Leonel"]
[Result "1/2-1/2"]
[ECO "B48"]
[WhiteElo "2099"]
[BlackElo "2381"]
[Annotator "TA"]
[PlyCount "48"]
[EventDate "2024.01.12"]
[EventType "tourn"]
[EventCountry "USA"]
[SourceTitle "playchess.com"]
[Source "ChessBase"]
[SourceQuality "1"]
[TimeControl "5400+30"]

1. e4 {[%emt 0:03:15] Mikhalchishin,Adrian} c5 2. Nf3 e6 3. d4 cxd4 4. Nxd4 Nc6 5. Nc3 a6 6. Be3 Qc7 7. Qf3 {[%emt 0:00:09] B48: Sicilian: Taimanov: 5 Nc3 Qc7 6 Be3 a6 without Be2.} Nf6 8. O-O-O d6 9. Be2 {[%emt 0:00:59] White has an edge.} Rb8 (9... Nxd4 $1 $11 10. Rxd4 (10. Bxd4 e5 $11) 10... b5) 10. g4 {[%emt 0:00:57] [#]} b5 $146 ({Predecessor:} 10... Ne5 11. Qg3 b5 12. g5 Nfd7 13. f4 b4 14. Na4 Nc4 15. Bxc4 Qxc4 16. b3 Qc7 {1-0 Balashov,Y (2445)-Tunik,G (2365) Wch Seniors 65 28th 2018 (11)}) 11. Nxc6 Qxc6 {[%emt 0:00:04] [#]} 12. e5 $1 {[%emt 0:03:06][%mdl 64] Discovered Attack} Qxf3 13. Bxf3 dxe5 {[%emt 0:00:09] [#]} ({Better is} 13... b4 $1 $14) 14. g5 ({White should play} 14. Bc6+ $1 $16 Nd7 15. Rd3) 14... e4 15. Nxe4 {[%emt 0:01:10] White has more active pieces. The black rooks are badly placed.} ({Don't play} 15. Bxe4 $6 Nxe4 16. Nxe4 Bb7 $11) (15. Bg2 $16 Ng4 16. Bf4 (16. Nxe4 Nxe3 17. fxe3 Bb7 $15)) 15... Nxe4 $11 {[%emt 0:00:07] The position is equal.} 16. Bxe4 {[%emt 0:00:38] Bc6+ would be deadly.} Bb7 {[%emt 0:00:03] Wards off Bc6+. Black is weak on the dark squares} 17. Bxb7 $40 {[%emt 0:01:00][%mdl 128] White attacks.} Rxb7 18. Rd3 Rd7 19. Rc3 Be7 20. Rc6 Rd6 21. Rc7 Rd7 $1 22. Rc6 Rd6 23. Rc7 Rd7 $1 24. Rc6 Rd8 {[%emt 1:05:16] Weighted Error Value: White=0.17 (very precise) /Black=0.17 (very precise)} (24... Rd6 $11 25. Rc8+ Rd8) 1/2-1/2

[Event "1000GM MLK Day RR IM-Norm 2024"]
[Site "Sunnyvale"]
[Date "2024.01.20"]
[Round "5.1"]
[White "Figueredo Losada, Leonel"]
[Black "Deng, Henry"]
[Result "0-1"]
[ECO "D14"]
[WhiteElo "2381"]
[BlackElo "2281"]
[Annotator "ChessBase"]
[PlyCount "107"]
[EventDate "2024.01.12"]
[EventType "tourn"]
[EventCountry "USA"]
[SourceTitle "playchess.com"]
[Source "ChessBase"]
[SourceQuality "1"]
[TimeControl "5400+30"]

1. d4 d5 2. c4 c6 3. Nc3 Nf6 4. cxd5 cxd5 5. Bf4 Nc6 6. e3 Bf5 7. Nf3 e6 8. Be2 Bd6 9. Ne5 Bxe5 10. Bxe5 O-O 11. Bg3 Qb6 12. Qd2 Ne4 13. Nxe4 Bxe4 14. O-O Rac8 15. Rfc1 Na5 16. b3 Rc6 17. Rxc6 Nxc6 18. Rc1 h6 19. Rc5 a6 20. Qc3 Rc8 21. b4 Ra8 22. a3 Qd8 23. h3 Qd7 24. a4 Na7 25. b5 axb5 26. Rc7 Qe8 27. a5 Rc8 28. Qc5 Rxc7 29. Bxc7 Qc6 30. Bb6 Qxc5 31. dxc5 b4 32. Bd1 Nc6 33. Kf1 Bd3+ 34. Ke1 Bb5 35. f4 Kf8 36. g4 Ke7 37. h4 f6 38. h5 e5 39. Kd2 Kd7 40. Bb3 Ne7 41. Bc2 Bc4 42. Ba4+ Nc6 43. fxe5 fxe5 44. Ba7 Kc8 45. Bb6 d4 46. Bxc6 bxc6 47. exd4 exd4 48. a6 Bxa6 49. Ba5 b3 50. Bb4 Kd7 51. Ba5 Be2 52. Bb4 Bxg4 53. Ba3 Ke6 54. Ke1 0-1

[Event "1000GM MLK Day RR IM-Norm 2024"]
[Site "Sunnyvale"]
[Date "2024.01.20"]
[Round "5.2"]
[White "Dominguez Aguilar, Guillermo"]
[Black "Guo, Ethan"]
[Result "1/2-1/2"]
[ECO "B23"]
[WhiteElo "2319"]
[BlackElo "2099"]
[Annotator "RC"]
[PlyCount "57"]
[EventDate "2024.01.12"]
[EventType "tourn"]
[EventCountry "USA"]
[SourceTitle "playchess.com"]
[Source "ChessBase"]
[SourceQuality "1"]
[TimeControl "5400+30"]

1. e4 c5 2. Nc3 d6 3. f4 g6 4. Nf3 Bg7 5. Bb5+ Bd7 6. O-O Nc6 7. d3 Nd4 8. Nxd4 Bxd4+ 9. Kh1 Bxb5 10. Nxb5 Bg7 11. Qf3 Qd7 12. c4 a6 13. Nc3 e6 14. f5 O-O-O 15. Bg5 f6 16. fxe6 Qxe6 17. Be3 Ne7 18. Rab1 f5 19. Qh3 h6 20. Nd5 Nxd5 21. cxd5 Qd7 22. exf5 gxf5 23. b4 f4 24. Qxd7+ Rxd7 25. Bxf4 Rf8 26. g3 cxb4 27. Rxb4 Rf5 28. Re1 b5 29. a4 1/2-1/2

[Event "1000GM MLK Day RR IM-Norm 2024"]
[Site "Sunnyvale"]
[Date "2024.01.20"]
[Round "5.3"]
[White "Guo, Andrew"]
[Black "Tang, Dylan"]
[Result "1/2-1/2"]
[ECO "E11"]
[WhiteElo "2255"]
[BlackElo "2206"]
[Annotator "RC"]
[PlyCount "43"]
[EventDate "2024.01.12"]
[EventType "tourn"]
[EventCountry "USA"]
[SourceTitle "playchess.com"]
[Source "ChessBase"]
[SourceQuality "1"]
[TimeControl "5400+30"]

1. d4 Nf6 2. c4 e6 3. g3 d5 4. Nf3 Bb4+ 5. Bd2 Be7 6. Bg2 O-O 7. Qc2 c6 8. O-O Nbd7 9. Rd1 a5 10. Bf4 Nh5 11. Bc1 Nhf6 12. Nbd2 b6 13. e4 Bb7 14. b3 a4 15. Bb2 Qc8 16. Rac1 dxe4 17. Nxe4 Nxe4 18. Qxe4 c5 19. d5 Bf6 20. Qb1 exd5 21. cxd5 Qb8 22. bxa4 1/2-1/2

[Event "1000GM MLK Day RR IM-Norm 2024"]
[Site "Sunnyvale"]
[Date "2024.01.20"]
[Round "5.4"]
[White "Bansal, Advay"]
[Black "Arenas, David"]
[Result "1/2-1/2"]
[ECO "C54"]
[WhiteElo "2253"]
[BlackElo "2406"]
[Annotator "RC"]
[PlyCount "98"]
[EventDate "2024.01.12"]
[EventType "tourn"]
[EventCountry "USA"]
[SourceTitle "playchess.com"]
[Source "ChessBase"]
[SourceQuality "1"]
[TimeControl "5400+30"]

1. e4 e5 2. Nf3 Nc6 3. Bc4 Bc5 4. O-O Nf6 5. d3 d6 6. c3 a5 7. Re1 Ba7 8. Nbd2 O-O 9. h3 Ne7 10. Bb3 Ng6 11. d4 exd4 12. cxd4 d5 13. e5 Nh5 14. Nf1 Nhf4 15. Bxf4 Nxf4 16. Qd2 Ne6 17. Qxa5 c5 18. Qxd8 Rxd8 19. dxc5 Nxc5 20. Bc2 d4 21. Rad1 d3 22. Ne3 Bxh3 23. gxh3 dxc2 24. Rxd8+ Rxd8 25. Rc1 g6 26. Rxc2 h5 27. b4 Ne6 28. Kf1 Kf8 29. h4 Rd3 30. Ne1 Rd8 31. a4 Ke7 32. a5 Bb8 33. Nc4 Nd4 34. Rd2 Ba7 35. f4 Rc8 36. Nd6 Rc1 37. Nxb7 Nf3 38. Re2 Bd4 39. a6 Rb1 40. Nc5 Bxc5 41. bxc5 Ra1 42. c6 Nxh4 43. c7 Kd7 44. Rc2 Kc8 45. Rc6 Nf3 46. a7 Nxe1 47. a8=Q+ Rxa8 48. Kxe1 Ra7 49. e6 fxe6 1/2-1/2

[Event "1000GM MLK Day RR IM-Norm 2024"]
[Site "Sunnyvale"]
[Date "2024.01.20"]
[Round "5.5"]
[White "Chiang, Jacob"]
[Black "Delgado Ramirez, Neuris"]
[Result "1/2-1/2"]
[ECO "A21"]
[WhiteElo "2200"]
[BlackElo "2517"]
[Annotator "TA"]
[PlyCount "230"]
[EventDate "2024.01.12"]
[EventType "tourn"]
[EventCountry "USA"]
[SourceTitle "playchess.com"]
[Source "ChessBase"]
[SourceQuality "1"]
[TimeControl "5400+30"]

1. c4 d6 2. Nc3 e5 3. g3 g6 4. Bg2 Bg7 5. Nf3 Ne7 6. O-O O-O 7. d3 c6 8. Bd2 {[%emt 0:02:27] A21: English Opening: 1...e5 2 Nc3.} d5 9. cxd5 cxd5 10. Rc1 Nbc6 11. a3 {[%emt 0:01:55] [#]} h6 $146 ({Predecessor:} 11... Rb8 12. Na4 h6 13. b4 a6 14. Nc5 b6 15. Nb3 Rb7 16. e3 Qd6 17. Qc2 Bd7 {0-1 Rodriguez Cordoba,J-Quinteros,M Pan American Team-ch01 1971 (2.4)}) 12. b4 Be6 13. Na4 b6 14. b5 Nd4 15. Nc3 Qd7 16. a4 Rac8 (16... Nxf3+ $15 17. Bxf3 Rac8) 17. Nxd4 $14 exd4 18. Na2 Rfe8 19. Nb4 h5 20. Rxc8 Rxc8 21. Qb1 Bg4 22. f3 (22. Bg5 $16) 22... Bh3 23. Rc1 Re8 24. Bf4 Bxg2 25. Kxg2 Nf5 26. Qa2 Qe6 27. Nxd5 {[%emt 0:03:16] White wants to play Kf2.} (27. Rc2 $5 ) 27... Qxe2+ 28. Qxe2 Rxe2+ 29. Kf1 Ra2 30. Rc8+ Kh7 31. Ra8 Rxa4 32. Nxb6 Ra1+ 33. Kf2 Ne3 34. Nc4 Nd1+ 35. Kg2 Ra2+ 36. Kf1 Nc3 37. b6 axb6 38. Rxa2 Nxa2 39. Nxb6 $11 {[%emt 0:00:06][%mdl 4096] Endgame KBN-KBN} Bh6 40. Be5 {[%emt 0:04:13] Prevents Bxf4.} Bg7 {[%emt 0:00:00] Repels Bxd4} 41. Bf4 Nc3 42. Nc4 f6 43. Bd2 Nb5 44. Ke2 Kg8 45. h3 Kf7 46. g4 Ke6 47. Bb4 Bh6 48. Na3 Nc7 49. Nc2 Ke5 50. Be1 Ne6 51. Bg3+ Bf4 52. Bf2 Kd5 53. Be1 Bd6 {[%emt 0:00:00] ...Nf4+ is the strong threat.} 54. Bd2 (54. gxh5 $15 Nf4+ 55. Kd2) 54... h4 $17 55. Ne1 (55. Kf1 $17 {was worth a try.}) 55... Bg3 $2 ({Black should play} 55... Bf4 $1 $19 {[%cal Rf4d2] ...Bxd2 would be deadly.} 56. Ng2 Bxd2 57. Kxd2 Ke5 58. Nxh4 Nf4) 56. Nc2 (56. Ng2 $1 $11 {was the only way to keep the balance.}) 56... Bf4 $1 57. Be1 Bg5 58. Bf2 Nf4+ 59. Kf1 Nxh3 60. Bxd4 Nf4 61. Bg1 (61. Ba7 $142) 61... Nxd3 $19 62. Ne3+ Ke6 63. Nc2 $2 (63. Nd1) 63... h3 64. Nd4+ Kd5 {[%emt 0:00:00][%cal Oh3h2] White must now prevent ...h2!} 65. Ne2 Bh4 $2 (65... Bf4 $19 {Threatens to win with ...Be5.} 66. Nxf4+ Nxf4) 66. Bh2 $15 Bf2 67. Nf4+ $2 (67. Nc1 $11 Nxc1 68. Kxf2) 67... Nxf4 $19 68. Kxf2 {[%emt 0:00:15] KB-KN} g5 69. Ke3 Ne6 $2 (69... Kc4 $1 $19 70. Kd2 Ng6) 70. Bg3 $2 (70. Kf2 $11) 70... Kc4 $1 {[%emt 0:00:00] Strongly threatening ...Kd5.} 71. Bh2 Kc3 $1 {[%emt 0:00:00][%cal Oe6f4] aiming for ...Nf4!} 72. Ke4 {[%emt 0:00:14] [#] Repels Nf4} Kc2 $2 (72... Kd2 $1 $19 {[%cal Rd2e2] ( -> ...Ke2)} 73. Kf5 Nd4+ 74. Ke4 Nc2) 73. Kf5 $1 $11 Nd4+ 74. Ke4 $1 Nb3 (74... Kc3 $5) 75. f4 Nd2+ 76. Kf5 Nf3 77. Bg3 $1 Nd4+ (77... gxf4 {simplifies} 78. Bxf4 h2 79. Bxh2 Nxh2 80. Kxf6 Nxg4+ 81. Ke6 Nh6) 78. Kxf6 Ne2 79. fxg5 $1 {[%emt 0:00:05] Threatening mate with Bh2.} Nxg3 {[%emt 0:00:00] KN-KPP} 80. g6 Ne4+ 81. Ke7 h2 82. g7 h1=Q (82... h1=R $2 83. g8=Q (83. g8=R Rg1 $11) 83... Re1 84. Qc4+ Nc3+ 85. Kf7 $18) 83. g8=Q Qh4+ 84. g5 $1 Nxg5 85. Qa2+ Kd3 86. Qb3+ (86. Qa1 {seems wilder.} Qe4+ 87. Kf6 Nh7+ 88. Kg7) 86... Ke2 87. Qc2+ Ke3 88. Qc3+ Kf4 89. Qf6+ Kg4 90. Qd4+ Ne4+ (90... Kh3 {simplifies} 91. Qxh4+ Kxh4 92. Kd7 Ne4) 91. Ke6 Kf4 92. Kd5 {[%emt 0:01:01] [#]} (92. Qe5+ $11 {keeps the balance.} Ke3 93. Kd5) 92... Qe7 ({Black should try} 92... Qd8+ $1 $17 93. Kc4 Qb8) 93. Kc4 {[%emt 0:00:40] The position is equal.} Qe6+ 94. Kb4 Qc6 95. Qc4 Qd6+ (95... Qxc4+ {simplifies} 96. Kxc4 Nf6 97. Kd3 Nh7) 96. Ka5 Qd8+ 97. Ka6 Qd6+ 98. Ka5 Qb8 99. Qf1+ Ke3 100. Qe1+ Kd3 101. Qf1+ Kd4 102. Qg1+ Kd5 103. Qd1+ Ke5 104. Qh5+ Ke6 105. Qg4+ Kd5 106. Qd1+ Ke5 107. Qh5+ Kd4 108. Qd1+ Ke3 109. Qe1+ Kd3 110. Qf1+ Kc2 111. Qg2+ Nd2 112. Qc6+ Kd3 113. Qd7+ Kc3 114. Qg7+ Kb3 115. Qb7+ $1 Qxb7 {[%emt 0:00:08] Black had all chances to win.   Weighted Error Value: White=0.15 (very precise) /Black=0.13 (very precise)} 1/2-1/2

[Event "1000GM MLK Day RR IM-Norm 2024"]
[Site "Sunnyvale"]
[Date "2024.01.20"]
[Round "6.1"]
[White "Deng, Henry"]
[Black "Delgado Ramirez, Neuris"]
[Result "0-1"]
[ECO "B23"]
[WhiteElo "2281"]
[BlackElo "2517"]
[Annotator "TA"]
[PlyCount "118"]
[EventDate "2024.01.12"]
[EventType "tourn"]
[EventCountry "USA"]
[SourceTitle "playchess.com"]
[Source "ChessBase"]
[SourceQuality "1"]
[TimeControl "5400+30"]

1. e4 c5 2. Nc3 d6 3. Bb5+ Nc6 4. Bxc6+ bxc6 5. d3 e5 6. f4 {[%emt 0:02:57] B23: Closed Sicilian: Lines without g3.} exf4 7. Bxf4 Ne7 8. Nf3 {[%emt 0:03:17] The position is equal.} Ng6 9. Bg5 f6 {[%emt 0:03:20] [#]} 10. Be3 $146 ({Predecessor:} 10. Bd2 Be7 11. O-O O-O 12. h4 Bg4 13. Qe1 Bh5 {0-1 Serd,T (1339)-Deline,R (1912) FICGS W-ch st1 g13 email 2009 (1)}) 10... Be7 11. Qe2 O-O 12. d4 Qb6 13. Qc4+ Kh8 (13... Rf7 $5 ) 14. dxc5 Qxb2 15. O-O dxc5 16. a3 {[%emt 0:11:43] Against Qb4} ({White should play} 16. Rab1 $15 Ba6 17. Qxa6 Qxc3 18. Qd3 Qxd3 19. cxd3) 16... Ba6 {[%emt 0:03:19][%mdl 64] Deflection} 17. Qxa6 Qxc3 18. Qd3 Qa5 $36 {[%emt 0:00:47][%mdl 2048] Black is more active.} 19. Qc4 Qb5 20. Qe6 (20. Qc3 $15) 20... Rfe8 $17 21. a4 Qa6 (21... Qe2 {with more complications.} 22. Bd2 Bf8 23. Qxc6 Ne5) 22. Nd2 Ne5 23. Bf4 c4 {[%emt 0:00:53] Strongly threatening ...Bc5+.} 24. Qh3 Ng6 25. Rab1 (25. Be3 $142) 25... Rad8 26. Qc3 Nxf4 27. Rxf4 Bc5+ 28. Kh1 (28. Kf1 $17 {keeps fighting.}) 28... Bd6 ({Black should try} 28... Qxa4 $19 {[%cal Oc5e3] ...Be3! would be deadly.} 29. Nxc4 Bd4) 29. Rh4 Bf8 (29... Qxa4 $6 30. Qh3 h6 31. Rxh6+ gxh6 32. Qxh6+ Kg8 33. Qg6+ Kf8 34. Qxf6+ Kg8 35. Qg6+ Kh8 36. Qf6+ Kg8 37. Qg6+ Kh8 38. Qf6+ Kg8 $11) (29... Kg8 $17 30. Nxc4 Qxa4 31. Nxd6 Rxd6) 30. Nxc4 Qxa4 31. h3 Rb8 (31... a5 $142 32. Nxa5 c5) 32. Rxb8 Rxb8 33. e5 Qb4 $1 34. Qg3 {[%emt 0:02:04] [#] This costs White the game.} (34. Qxb4 $17 Rxb4 35. exf6) 34... g5 $1 $19 35. Re4 {[%emt 0:01:50] [#]} f5 36. Rd4 (36. Qxg5 {is more resistant.} fxe4 37. Nd6 {[%mdl 64] Decoy} Bxd6 38. Qf6+ Kg8 39. Qe6+ Kf8 40. Qf6+ Ke8 41. exd6 Qb1+ 42. Kh2) 36... c5 {[%emt 0:01:04][%mdl 64] Deflection} (36... Bc5 37. Qxg5 Rf8 38. Qd2 $11) 37. Rd7 Qxc4 38. Qxg5 Qe6 {[%emt 0:00:16] ( -> ...Rb1+)} (38... Qxc2 $2 {gets mated.} 39. Qf6+ (39. Rxa7 $2 {perishes.} Qb1+ 40. Kh2 Qb6 $19) 39... Kg8 40. Qf7+ Kh8 41. Qxh7#) 39. Rd8 (39. Qf6+ $142 Qxf6 40. exf6) 39... Rb1+ 40. Kh2 Qxe5+ 41. Qg3 {[%emt 0:00:11] [#]} Rh1+ $3 42. Kxh1 Qxg3 43. Rxf8+ {[%emt 0:00:09][%mdl 4096] Endgame KQ-KR} Kg7 44. Rxf5 Qc3 45. Rg5+ Kf6 46. Rh5 Qe1+ 47. Kh2 {[%emt 0:00:03] [#]} Qe5+ $3 {[%emt 0:00:11][%mdl 512] Black mates.} 48. Rxe5 Kxe5 {[%emt 0:00:05] K3P-K3P} 49. Kg3 a5 50. Kh4 a4 51. Kh5 a3 52. Kh6 a2 53. Kxh7 a1=Q (53... a1=B 54. Kh6 Kf4 55. g4 $19) 54. Kg6 Qh1 55. g4 Qxh3 56. g5 Qf5+ 57. Kh6 Qxc2 58. g6 Kf6 59. g7 Qh2# {[%emt 0:00:06] Weighted Error Value: White=0.60/Black=0.09 (flawless)} 0-1

[Event "1000GM MLK Day RR IM-Norm 2024"]
[Site "Sunnyvale"]
[Date "2024.01.21"]
[Round "6.2"]
[White "Arenas, David"]
[Black "Chiang, Jacob"]
[Result "0-1"]
[ECO "B70"]
[WhiteElo "2406"]
[BlackElo "2200"]
[Annotator "RC"]
[PlyCount "116"]
[EventDate "2024.01.12"]
[EventType "tourn"]
[EventCountry "USA"]
[SourceTitle "playchess.com"]
[Source "ChessBase"]
[SourceQuality "1"]
[TimeControl "5400+30"]

1. g3 Nf6 2. Bg2 g6 3. e4 d6 4. d4 Bg7 5. Nc3 O-O 6. Nge2 c5 7. h3 cxd4 8. Nxd4 Nc6 9. Nde2 Bd7 10. O-O Rc8 11. Nf4 Na5 12. a4 Nc4 13. Ra2 Ne8 14. Nfe2 Be6 15. b3 Na5 16. Nd5 Nc6 17. Bd2 f5 18. Nef4 Bd7 19. exf5 Bxf5 20. Ne3 Nc7 21. Nxf5 Rxf5 22. h4 e5 23. Nd5 Rf8 24. Qg4 Nxd5 25. Bxd5+ Kh8 26. h5 gxh5 27. Qxh5 Qe8 28. Qg4 Rc7 29. a5 Ne7 30. Bg2 Qf7 31. c4 Nf5 32. Bb4 Qf6 33. Rd2 Bh6 34. Rd3 Rg7 35. Qe4 Nd4 36. c5 d5 37. Qxd5 Ne2+ 38. Kh1 Be3 39. Qd6 Qf5 40. Qxf8+ Qxf8 41. Rxe3 Qf5 42. Re4 Nf4 43. Bc3 Nxg2 44. Rxe5 Qh3+ 45. Kg1 Kg8 46. Re8+ Kf7 47. Bxg7 Kxe8 48. Be5 Kd7 49. a6 bxa6 50. b4 h5 51. Rd1+ Kc6 52. Ra1 a5 53. bxa5 h4 54. Bd6 hxg3 55. fxg3 Ne3 56. Kf2 Nc4 57. Bf4 Kxc5 58. Rc1 Kb5 0-1

[Event "1000GM MLK Day RR IM-Norm 2024"]
[Site "Sunnyvale"]
[Date "2024.01.20"]
[Round "6.3"]
[White "Tang, Dylan"]
[Black "Bansal, Advay"]
[Result "1-0"]
[ECO "B55"]
[WhiteElo "2206"]
[BlackElo "2253"]
[Annotator "RC"]
[PlyCount "97"]
[EventDate "2024.01.12"]
[EventType "tourn"]
[EventCountry "USA"]
[SourceTitle "playchess.com"]
[Source "ChessBase"]
[SourceQuality "1"]
[TimeControl "5400+30"]

1. e4 c5 2. Nf3 d6 3. d4 cxd4 4. Nxd4 Nf6 5. f3 e5 6. Nb3 d5 7. Bg5 d4 8. c3 Nc6 9. cxd4 Bb4+ 10. Bd2 exd4 11. Bxb4 Nxb4 12. Bb5+ Bd7 13. Qd2 Rc8 14. Qxb4 a5 15. Bxd7+ Qxd7 16. Qd2 a4 17. Nc1 O-O 18. O-O d3 19. Nxd3 Rfd8 20. Rd1 Qd4+ 21. Qf2 Qxd3 22. Rxd3 Rc1+ 23. Qf1 Rxf1+ 24. Kxf1 Rxd3 25. Ke2 Rd4 26. Nc3 Rb4 27. Rb1 h5 28. a3 Rc4 29. Rd1 h4 30. Kd3 Rc7 31. Nxa4 Nh5 32. Ke3 g5 33. Nc3 Kg7 34. Rd2 Rc6 35. Ne2 Nf6 36. g3 hxg3 37. hxg3 Rc4 38. e5 Nh5 39. g4 Nf4 40. Nxf4 gxf4+ 41. Kd3 Ra4 42. Re2 Kg6 43. e6 fxe6 44. Rxe6+ Kg5 45. Re5+ Kh4 46. Re4 Ra6 47. Rxf4 Kg3 48. Rf7 Rb6 49. Kc2 1-0

[Event "1000GM MLK Day RR IM-Norm 2024"]
[Site "Sunnyvale"]
[Date "2024.01.20"]
[Round "6.4"]
[White "Guo, Ethan"]
[Black "Guo, Andrew"]
[Result "1/2-1/2"]
[ECO "B33"]
[WhiteElo "2099"]
[BlackElo "2255"]
[Annotator "RC"]
[PlyCount "118"]
[EventDate "2024.01.12"]
[EventType "tourn"]
[EventCountry "USA"]
[SourceTitle "playchess.com"]
[Source "ChessBase"]
[SourceQuality "1"]
[TimeControl "5400+30"]

1. e4 c5 2. Nf3 Nc6 3. d4 cxd4 4. Nxd4 Nf6 5. Nc3 e5 6. Ndb5 d6 7. Bg5 a6 8. Na3 b5 9. Nd5 Be7 10. Bxf6 Bxf6 11. c3 Bg5 12. Nc2 Rb8 13. a4 bxa4 14. Ncb4 Nxb4 15. cxb4 O-O 16. Rxa4 a5 17. b5 Bd7 18. h4 Bh6 19. Nc3 d5 20. exd5 f5 21. Be2 e4 22. g3 f4 23. Rxe4 fxg3 24. fxg3 Bf5 25. O-O Bxe4 26. Nxe4 Qb6+ 27. Kg2 Rxf1 28. Bxf1 Qe3 29. Qd3 Qxd3 30. Bxd3 Be3 31. d6 h6 32. Bc4+ Kf8 33. Kf3 Bd4 34. b3 Be5 35. Nc5 Bxd6 36. Nd7+ Ke7 37. Nxb8 Bxb8 38. g4 Kd6 39. Ke4 Bc7 40. Kf5 Ke7 41. Kg6 Kf8 42. h5 Bg3 43. b6 Bb8 44. Be6 Bh2 45. Bd5 Bb8 46. Bg2 Bh2 47. Kf5 Ke7 48. Ke4 Ke6 49. Kd3 Bg1 50. b7 Ba7 51. Kc4 Kd6 52. Kb5 Kc7 53. Kxa5 Kb8 54. Kb5 Bd4 55. Kc6 Ba1 56. Kd6 Bb2 57. Ke6 Ba1 58. Kf7 Bb2 59. b4 Ba1 1/2-1/2

[Event "1000GM MLK Day RR IM-Norm 2024"]
[Site "Sunnyvale"]
[Date "2024.01.20"]
[Round "6.5"]
[White "Figueredo Losada, Leonel"]
[Black "Dominguez Aguilar, Guillermo"]
[Result "0-1"]
[ECO "B76"]
[WhiteElo "2381"]
[BlackElo "2319"]
[Annotator "RC"]
[PlyCount "70"]
[EventDate "2024.01.12"]
[EventType "tourn"]
[EventCountry "USA"]
[SourceTitle "playchess.com"]
[Source "ChessBase"]
[SourceQuality "1"]
[TimeControl "5400+30"]

1. e4 c5 2. Nf3 d6 3. d4 cxd4 4. Nxd4 Nf6 5. Nc3 g6 6. Be3 Bg7 7. f3 Nc6 8. Qd2 O-O 9. O-O-O d5 10. Nxc6 bxc6 11. Bh6 Be6 12. Bxg7 Kxg7 13. exd5 Bxd5 14. Na4 Qc7 15. c4 Be6 16. Bd3 c5 17. Qe3 Rac8 18. g3 Qa5 19. Nc3 Qb4 20. Rhe1 Rb8 21. Qe2 Rfd8 22. Qc2 Rd6 23. b3 Rbd8 24. g4 Rd4 25. Re3 Qb8 26. Ne2 R4d7 27. h3 Qh2 28. Qc3 Kg8 29. f4 Bxg4 30. hxg4 Nxg4 31. Bc2 Rxd1+ 32. Bxd1 Nxe3 33. Qxe3 Qh4 34. Nc3 Rd4 35. Ne2 Qe1 0-1

[Event "1000GM MLK Day RR IM-Norm 2024"]
[Site "Sunnyvale"]
[Date "2024.01.21"]
[Round "7.1"]
[White "Dominguez Aguilar, Guillermo"]
[Black "Deng, Henry"]
[Result "1/2-1/2"]
[ECO "A11"]
[WhiteElo "2319"]
[BlackElo "2281"]
[Annotator "RC"]
[PlyCount "40"]
[EventDate "2024.01.12"]
[EventType "tourn"]
[EventCountry "USA"]
[SourceTitle "playchess.com"]
[Source "ChessBase"]
[SourceQuality "1"]
[TimeControl "5400+30"]

1. c4 c6 2. b3 d5 3. Bb2 Nf6 4. e3 Bg4 5. f3 Bf5 6. Ne2 Bd3 7. Nf4 Bxf1 8. Kxf1 Nbd7 9. cxd5 cxd5 10. Nc3 Qa5 11. d4 e6 12. Qd3 Bd6 13. Nfe2 O-O 14. Kf2 a6 15. a3 b5 16. h3 Qb6 17. Rhc1 Rfc8 18. g4 b4 19. axb4 Bxb4 20. Rcb1 Qd6 1/2-1/2

[Event "1000GM MLK Day RR IM-Norm 2024"]
[Site "Sunnyvale"]
[Date "2024.01.21"]
[Round "7.2"]
[White "Guo, Andrew"]
[Black "Figueredo Losada, Leonel"]
[Result "1-0"]
[ECO "A58"]
[WhiteElo "2255"]
[BlackElo "2381"]
[Annotator "RC"]
[PlyCount "53"]
[EventDate "2024.01.12"]
[EventType "tourn"]
[EventCountry "USA"]
[SourceTitle "playchess.com"]
[Source "ChessBase"]
[SourceQuality "1"]
[TimeControl "5400+30"]

1. d4 Nf6 2. c4 g6 3. Nf3 Bg7 4. g3 c5 5. d5 b5 6. cxb5 a6 7. bxa6 O-O 8. Nc3 d6 9. Bg2 Nbd7 10. O-O Nb6 11. Re1 Bxa6 12. e4 Nfd7 13. Bf1 Bxf1 14. Kxf1 Nc4 15. Qe2 Nde5 16. Nxe5 Nxe5 17. f4 Nd7 18. Bd2 Qb6 19. b3 Rfb8 20. Rac1 Ra3 21. Na4 Qb5 22. Qxb5 Rxb5 23. Rc2 c4 24. Bc1 Rxa4 25. bxa4 Rb4 26. a5 c3 27. e5 1-0

[Event "1000GM MLK Day RR IM-Norm 2024"]
[Site "Sunnyvale"]
[Date "2024.01.21"]
[Round "7.3"]
[White "Bansal, Advay"]
[Black "Guo, Ethan"]
[Result "1/2-1/2"]
[ECO "B72"]
[WhiteElo "2253"]
[BlackElo "2099"]
[Annotator "RC"]
[PlyCount "178"]
[EventDate "2024.01.12"]
[EventType "tourn"]
[EventCountry "USA"]
[SourceTitle "playchess.com"]
[Source "ChessBase"]
[SourceQuality "1"]
[TimeControl "5400+30"]

1. e4 c5 2. Nf3 d6 3. d4 cxd4 4. Nxd4 Nf6 5. Nc3 a6 6. Bd3 g6 7. f3 Bg7 8. Be3 O-O 9. Qd2 Nc6 10. O-O-O Nxd4 11. Bxd4 b5 12. Kb1 Bb7 13. h4 e5 14. Be3 d5 15. Nxd5 Nxd5 16. exd5 Bxd5 17. h5 Qf6 18. Bg5 Qe6 19. Bh6 Bxh6 20. Qxh6 Ra7 21. a3 Re7 22. Rh3 Rd8 23. Rg3 Bc4 24. hxg6 fxg6 25. Qe3 Bxd3 26. Rxd3 Rxd3 27. Qxd3 Rd7 28. Qe2 Qd5 29. Rg4 Qd1+ 30. Qxd1 Rxd1+ 31. Ka2 Rd2 32. Kb3 Kg7 33. Kc3 Rf2 34. Kd3 h5 35. Rg3 Kf6 36. b3 g5 37. Rh3 h4 38. Rh2 Kf5 39. Ke3 Rf1 40. Rh3 Rg1 41. Rh2 Rc1 42. g3 hxg3 43. Rg2 Re1+ 44. Kd2 Ra1 45. Rxg3 Rxa3 46. Rg1 b4 47. Rg4 a5 48. Rg1 Ra2 49. Rg4 Ra1 50. Rc4 Rh1 51. Ke3 Rh3 52. Kf2 e4 53. Rxe4 Rh2+ 54. Kg3 Rxc2 55. Re8 Rc5 56. Rg8 Re5 57. Ra8 Ke6 58. Kg4 Kd6 59. Ra6+ Kc7 60. Rg6 Kb7 61. f4 gxf4 62. Kxf4 Rc5 63. Ke4 Rc3 64. Rg7+ Kb6 65. Rg6+ Kb5 66. Rg5+ Rc5 67. Rg8 Rc3 68. Rg5+ Kc6 69. Rg6+ Kd7 70. Rg7+ Kc6 71. Rg6+ Kb5 72. Rg5+ Kb6 73. Rg6+ Rc6 74. Rg5 Rd6 75. Rh5 Rc6 76. Rg5 Rc5 77. Rg1 Kb5 78. Rg8 Rc6 79. Rg5+ Ka6 80. Kd4 a4 81. bxa4 Rb6 82. Kd3 b3 83. Rb5 Rxb5 84. axb5+ Kxb5 85. Kc3 Ka4 86. Kb2 Kb4 87. Kb1 Kc3 88. Kc1 b2+ 89. Kb1 Kb3 1/2-1/2

[Event "1000GM MLK Day RR IM-Norm 2024"]
[Site "Sunnyvale"]
[Date "2024.01.21"]
[Round "7.4"]
[White "Chiang, Jacob"]
[Black "Tang, Dylan"]
[Result "1/2-1/2"]
[ECO "D36"]
[WhiteElo "2200"]
[BlackElo "2206"]
[Annotator "RC"]
[PlyCount "76"]
[EventDate "2024.01.12"]
[EventType "tourn"]
[EventCountry "USA"]
[SourceTitle "playchess.com"]
[Source "ChessBase"]
[SourceQuality "1"]
[TimeControl "5400+30"]

1. c4 e6 2. Nc3 d5 3. d4 Nf6 4. cxd5 exd5 5. Bg5 c6 6. e3 Be7 7. Qc2 Nbd7 8. Nf3 Nf8 9. Bd3 Ne6 10. Bh4 g6 11. O-O O-O 12. Rab1 a5 13. Ne5 Ng7 14. f3 Bf5 15. Bf2 Bxd3 16. Qxd3 Bd6 17. Qd2 Qc7 18. e4 dxe4 19. fxe4 Bxe5 20. dxe5 Rad8 21. Qg5 Nd7 22. Bg3 Ne6 23. Qe7 Nb6 24. Qxc7 Nxc7 25. b4 Nc4 26. Rfc1 axb4 27. Rxb4 b5 28. e6 Nxe6 29. a4 Nd6 30. axb5 Nxb5 31. Nxb5 cxb5 32. Rxb5 Rd2 33. Rcb1 Re2 34. Re1 Rxe1+ 35. Bxe1 Rc8 36. Bd2 Kg7 37. Kf2 Rc5 38. Rxc5 Nxc5 1/2-1/2